 Dungeon Crawl Stone Soup version 0.31-a0-1002-g8e65716e6e (webtiles) character file.

Game seed: 3877499870902532167

(classic levelgen) 18989 Amnesiac the Eclecticist (level 13, 0/104 HPs)
             Began as a Djinni Hedge Wizard on Nov 10, 2023.
             Was the Champion of Ashenzari.
             Killed from afar by a gargoyle (13 damage)
             ... with a stone arrow
             ... on level 13 of the Dungeon.
             The game lasted 00:41:35 (11886 turns).

Amnesiac the Eclecticist (Djinni Hedge Wizard)     Turns: 11886, Time: 00:41:36

Health: 0/104      AC: 10    Str:  9    XL:     13   Next: 1%
Gold:   852        EV: 13    Int: 27    God:    Ashenzari [******] SH:  0 Dex: 13

rFire   + + .        n - +0 sling "Cosmic Flawed Execution" {drain, Melee, Fort} (curse)
rCold   x . .        C - orb of Ashenzari's Affliction {mayhem, Cun, Range} (curse)
rNeg    . . .        L - +0 steam dragon scales of Ouranomancy {Dev, Elem} (curse)
rPois   ∞            H - +0 helmet of the Cryptic Welkin {Comp, Range} (curse)
rElec   .            x - +0 cloak of Supernal Gnosis {Elem, Bglg} (curse)
rCorr   .            k - +2 pair of gloves of the Tethered Ethics {Fort, Bglg} (curse)
SInv    +            (boots unavailable)
Will    +....        t - amulet of Toth-Mos's Legacy {Faith, Dev, Self} (curse)
Stlth   ++           s - ring "Behold Eternity" {Slay+4, Dev, Comp} (curse)
HPRegen 0.37/turn    c - ring of Supernal Gnosis {Int+6, Elem, Fort} (curse)
MPRegen 0.00/turn

%: mayhem, clarity, faith, infuse magic (-1 HP)
@: on blink cooldown, flying, studying Spellcasting, invisible
A: sickness immunity, fire resistance 2, cold vulnerability 1, float, innate
caster, HP casting, extra vitality 1
a: Renounce Religion, Shatter the Chains


You were on level 13 of the Dungeon.
You worshipped Ashenzari.
Ashenzari was exalted by your worship.
You visited 1 branch of the dungeon, and saw 13 of its levels.

You collected 1010 gold pieces.
You spent 158 gold pieces at shops.

Inventory:

Hand Weapons
 n - the cursed +0 sling "Cosmic Flawed Execution" (weapon) {drain, Melee, Fort}
   (You took it off a goblin on level 2 of the Dungeon)

   It has a curse which improves the following skills: Melee Combat: Short
   Blades, Long Blades, Axes, Maces & Flails, Polearms, Staves and Unarmed
   Combat.
   Fortitude: Armour and Shields.
 u - a +8 club
 R - a +1 dagger of pain
Missiles
 F - a throwing net
 S - 2 curare-tipped darts
Armour
 k - the cursed +2 pair of gloves of the Tethered Ethics (worn) {Fort, Bglg}
   (You found it on level 1 of the Dungeon)

   It has a curse which improves the following skills: Fortitude: Armour and
   Shields.
   Beguiling: Conjurations, Hexes and Translocations.
 x - the cursed +0 cloak of Supernal Gnosis (worn) {Elem, Bglg}
   (You found it on level 3 of the Dungeon)

   It has a curse which improves the following skills: Elements: Fire Magic, Ice
   Magic, Air Magic and Earth Magic.
   Beguiling: Conjurations, Hexes and Translocations.
 B - the +2 ratskin cloak {*Rats rPois rN+ Str-1 Int-1 Dex+1}
   (You found it on level 4 of the Dungeon)

   *Rats:     When the wearer is hurt, rats may emerge from it to assist them.
   Str-1:     It affects your strength (-1).
   Int-1:     It affects your intelligence (-1).
   Dex+1:     It affects your dexterity (+1).
   rPois:     It protects you from poison rN+: It protects you from negative
   energy.
 C - the cursed orb of Ashenzari's Affliction (worn) {mayhem, Cun, Range}
   (You found it on level 4 of the Dungeon)

   It has a curse which improves the following skills: Cunning: Dodging and
   Stealth.
   Ranged Combat: Ranged Weapons and Throwing.
 H - the cursed +0 helmet of the Cryptic Welkin (worn) {Comp, Range}
   (You took it off Robin on level 2 of the Dungeon)

   It has a curse which improves the following skills: Companions: Summonings
   and Necromancy.
   Ranged Combat: Ranged Weapons and Throwing.
 L - the cursed +0 steam dragon scales of Ouranomancy (worn) {Dev, Elem}
   (You took it off Maggie on level 7 of the Dungeon)

   It has a curse which improves the following skills: Devices: Evocations and
   Shapeshifting.
   Elements:  Fire Magic, Ice Magic, Air Magic and Earth Magic.
Magical Staves
 D - a staff of air
 N - a staff of fire
 P - a staff of fire
Jewellery
 c - the cursed ring of Supernal Gnosis (right hand) {Int+6, Elem, Fort}
   (You found it on level 6 of the Dungeon)

   [ring of intelligence]

   Int+6:     It affects your intelligence (+6).
   It has a curse which improves the following skills: Elements: Fire Magic, Ice
   Magic, Air Magic and Earth Magic.
   Fortitude: Armour and Shields.
 f - a ring of resist corrosion
 s - the cursed ring "Behold Eternity" (left hand) {Slay+4, Dev, Comp}
   (You found it on level 2 of the Dungeon)

   [ring of slaying]

   Slay+4:    It affects your accuracy & damage with ranged weapons and melee
   (+4).
   It has a curse which improves the following skills: Devices: Evocations and
   Shapeshifting.
   Companions: Summonings and Necromancy.
 t - the cursed amulet of Toth-Mos's Legacy (around neck) {Faith, Dev, Self}
   (You found it on level 2 of the Dungeon)

   [amulet of faith]

   Faith:     It allows you to gain divine favour quickly.
   It has a curse which improves the following skills: Devices: Evocations and
   Shapeshifting.
   Introspection: Fighting and Spellcasting.
 T - a +6 ring of dexterity
 U - a +6 ring of intelligence
Talismans
 M - a dragon-blood talisman
Wands
 m - a wand of flame (19)
 y - a wand of mindburst (2)
 W - a wand of roots (4)
Scrolls
 a - a scroll of immolation {!r}
 b - a scroll of revelation {!r}
 e - 3 scrolls of vulnerability {!r}
 j - 4 scrolls of teleportation {!r}
 o - 2 scrolls of blinking {!r}
 q - 2 scrolls of enchant armour {!r}
 r - 2 scrolls of fear {!r}
 w - 3 scrolls of poison {!r}
 z - a scroll of torment {!r}
 I - 3 scrolls of butterflies {!r}
 Q - a scroll of silence {!r}
 V - a scroll of brand weapon {!r}
Potions
 d - a potion of cancellation {!q}
 g - 2 potions of lignification {!q}
 h - 3 potions of resistance {!q}
 l - 2 potions of attraction {!q}
 v - 2 potions of brilliance {!q}
 A - 4 potions of mutation {!q}
 E - 2 potions of berserk rage {!q}
 J - 2 potions of might {!q}
 K - 3 potions of haste {!q}
 O - a potion of enlightenment {!q}


   Skills:
 + Level 11.4(13.9) Fighting
 - Level 2.1(4.0) Dodging
 - Level 1.5(3.2) Stealth
 * Level 16.2(18.5) Spellcasting
 * Level 13.1(16.7) Conjurations
 * Level 13.1(16.7) Hexes
   Level 0.0 Charms
 * Level 13.1(16.7) Summonings
 * Level 13.1(16.7) Necromancy
 * Level 13.1(16.7) Translocations
 * Level 13.1 Transmutations
 * Level 13.1(17.8) Fire Magic
 * Level 13.1(17.8) Ice Magic
 * Level 13.1(17.8) Air Magic
 * Level 13.1(17.8) Earth Magic
 * Level 13.1 Poison Magic


You knew the following spells:

 Your Spells              Type           Power      Damage    Failure   Level
a - Magic Dart            Conj           100%       1d8       0%          1
b - Blink                 Tloc           100%       N/A       0%          2
c - Slow                  Hex            100%       N/A       0%          1
d - Freeze                Ice            100%       1d10      0%          1
e - Mephitic Cloud        Conj/Pois/Air  84%        N/A       0%          3
f - Scorch                Fire           100%       2d9       0%          2
g - Manifold Assault      Tloc           86%        N/A       1%          4
q - Freezing Cloud        Conj/Ice/Air   44%        6-21      1%          5
v - Call Imp              Summ           100%       N/A       0%          2
w - Tukima's Dance        Hex            86%        N/A       0%          3
z - Confusing Touch       Hex            86%        N/A       0%          3
Your spell library was empty.

Dungeon Overview and Level Annotations

Branches:
Dungeon (13/15)            Temple (0/1) D:4            Lair (0/5) D:11
    Orc (0/2) D:11         Vaults (0/5) D:13

Altars:
Ashenzari
Hepliaklqana
Makhleb
Wu Jian
Xom
Yredelemnul

Shops:
D:1 *   D:2 ?   D:8 (


Innate Abilities, Weirdness & Mutations

You are immune to sickness and miasma.
You are immune to poison.
Your flesh is very heat resistant. (rF++)
You are vulnerable to cold. (rC-)
You float through the air rather than walking.
You learn spells naturally, not from books.
Your magical power is your life essence.
You have superior vitality. (+4 MHP)


Message History

Casting: Blink (safe; 0% risk of failure)
Confirm with . or Enter, or press ? or * to list all spells.
Okay, then.
Casting: Blink (safe; 0% risk of failure)
Confirm with . or Enter, or press ? or * to list all spells.
Aiming: Freezing Cloud (safe; 1% risk of failure)
Press: ? - help, Dir - move target, f - gargoyle
Aim: a gargoyle, wielding a +0 dire flail (moderately damaged, unable to see you, more vulnerable to fire)
Okay, then.
Casting: Freezing Cloud (safe; 1% risk of failure)
Confirm with . or Enter, or press ? or * to list all spells.
Okay, then.
Casting: Freezing Cloud (safe; 1% risk of failure)
Confirm with . or Enter, or press ? or * to list all spells.
Aiming: Freezing Cloud (safe; 1% risk of failure)
Press: ? - help, Dir - move target, f - gargoyle
Aim: a gargoyle, wielding a +0 dire flail (lightly damaged, unable to see you, more vulnerable to fire)
Okay, then.
You feel ready to blink again.
The gargoyle is no longer more vulnerable to fire.
The gargoyle hurls a stone arrow at something.
Casting: Freezing Cloud (safe; 1% risk of failure)
Confirm with . or Enter, or press ? or * to list all spells.
Aiming: Freezing Cloud (safe; 1% risk of failure)
Press: ? - help, Dir - move target You can't see any item there.
Okay, then.
Casting: Freezing Cloud (safe; 1% risk of failure)
Confirm with . or Enter, or press ? or * to list all spells.
Space momentarily warps into an impossible shape!
You clumsily bash the gargoyle but do no damage.
* * * LOW HITPOINT WARNING * * *
The gargoyle hurls a stone arrow at you.
The stone arrow misses you.
Casting: Manifold Assault (safe; 1% risk of failure)
Confirm with . or Enter, or press ? or * to list all spells.
A tiny devil pulls itself out of the air.
* * * LOW HITPOINT WARNING * * *
The gargoyle closely misses you.
The gargoyle hits your cerulean imp with a +0 dire flail!
Your cerulean imp dies!
Your cerulean imp disappears in a puff of smoke!
Casting: Call Imp (safe; 0% risk of failure)
Confirm with . or Enter, or press ? or * to list all spells.
Space momentarily warps into an impossible shape!
You clumsily bash the gargoyle.
* * * LOW HITPOINT WARNING * * *
Casting: Manifold Assault (safe; 1% risk of failure)
Confirm with . or Enter, or press ? or * to list all spells.
Okay, then.
Unknown command.
Adjust (i)tems, (s)pells, or (a)bilities?
Adjust which spell? h - Freezing Cloud Adjust to which letter? q - Freezing Cloud
Okay, then.
Casting: Manifold Assault (safe; 1% risk of failure)
Confirm with . or Enter, or press ? or * to list all spells.
You blink.
* * * LOW HITPOINT WARNING * * *
The gargoyle hurls a stone arrow at you.
The stone arrow hits you!
You die...

** *, *, *,
*#######, ###
*......., #§#
*.......,
#)####.......,
#....@.......,
####.........,
#.........,
#.9.......,
#.§#######,
#..# *,{ #..#
*,,, #..#
*,,,,****,
#..#
*,,,,,*#.#


You could see a gargoyle (unable to see you).

Vanquished Creatures
  2 vault guards
  A hydra (D:12)
  A boulder beetle (D:12)
  A catoblepas (D:13)
  A centaur warrior (D:13)
  A two-headed ogre (D:11)
  A deep elf pyromancer (D:13)
  An ugly thing (D:11)
  2 manticores
  2 gargoyles
  Maggie (D:7)
  A komodo dragon (D:10)
  An unseen horror (D:10)
  A kobold demonologist (D:12)
  5 trolls
  Prince Ribbit (D:7)
  A dancing weapon (D:9)
  A shadow (D:10)
  A wyvern (D:7)
  A water elemental (D:11)
  A vampire (D:11)
  A wraith (D:13)
  9 yaks
  6 vampire mosquitoes
  Menkaure (D:7)
  Edmund (D:6)
  An acid dragon (D:11)
  A black bear (D:6)
  2 ice beasts (D:7)
  A sky beast (D:7)
  2 ogres (D:5)
  2 wolves (D:11)
  4 centaurs
  6 kobold brigands
  4 bullfrogs
  4 scorpions
  6 wights
  2 killer bees (D:9)
  3 electric eels (D:11)
  A howler monkey (D:12)
  6 hounds
  2 jellies
  4 orc priests
  2 sleepcaps
  2 gnoll boudas
  3 iguanas
  Jessica (D:2)
  10 orc wizards
  Robin (D:2)
  9 gnolls
  7 adders
  A shadow imp (D:7)
  2 worms
  5 dart slugs
  30 orcs
  6 ball pythons
  4 endoplasms
  2 giant cockroaches
  16 goblins
  12 hobgoblins
  3 jackals (D:2)
  21 kobolds
  3 quokkas
  5 bats
  4 frilled lizards
  2 rats (D:1)
248 creatures vanquished.

Vanquished Creatures (collateral kills)
  Erolcha (D:9)
  4 two-headed ogres
  A yak (D:8)
  A wraith (D:11)
  A vampire mosquito (D:13)
  A black bear (D:6)
  2 orc warriors (D:11)
  A wolf (D:11)
  3 wights
  A killer bee (D:9)
  An orc wizard (D:9)
  6 orcs
  4 kobolds
27 creatures vanquished.

Vanquished Creatures (others)
  3 dancing weapons
  A vampire mosquito (D:13)
  A killer bee (D:9)
  An orc priest (D:11)
  3 kobolds
9 creatures vanquished.

Grand Total: 284 creatures vanquished

Notes
Turn   | Place    | Note
-------+----------+-------------------------------------------
     0 | D:1      | Amnesiac the Djinni Hedge Wizard began the quest for the
                  | Orb.
     0 | D:1      | Amnesiac set off with the following spells memorised: Magic
                  | Dart, Slow, Blink, Call Imp, Mephitic Cloud.
     0 | D:1      | Reached XP level 1. HP: 15/15 MP: 0/0
    30 | D:1      | Reached skill level 3 in Spellcasting
   112 | D:1      | Found Tufec's General Store.
   140 | D:1      | Bought a scroll of teleportation for 33 gold pieces
   221 | D:1      | Reached XP level 2. HP: 20/21 MP: 0/0
   707 | D:2      | Reached XP level 3. HP: 19/25 MP: 0/0
   707 | D:2      | Learned a level 1 spell: Freeze
   931 | D:2      | Reached XP level 4. HP: 26/31 MP: 0/0
   974 | D:2      | Noticed Robin
   992 | D:2      | Killed Robin
   993 | D:2      | Reached skill level 4 in Spellcasting
  1296 | D:2      | Found Qofif's Magic Scroll Shop.
  1391 | D:2      | Noticed Jessica
  1399 | D:2      | Killed Jessica
  1400 | D:2      | Reached XP level 5. HP: 12/35 MP: 0/0
  1400 | D:2      | Learned a level 2 spell: Scorch
  1598 | D:3      | Found a hazy altar of Hepliaklqana.
  1600 | D:3      | Found a faded altar of an unknown god.
  1607 | D:3      | Prayed at the altar of an unknown god.
  1607 | D:3      | Became a worshipper of Ashenzari the Shackled
  1769 | D:2      | Bought a scroll of blinking for 75 gold pieces
  2079 | D:3      | Found a faded altar of an unknown god.
  2272 | D:4      | Reached * piety under Ashenzari
  2297 | D:2      | Bought a scroll of fear for 40 gold pieces
  2297 | D:2      | Bought a scroll of noise for 10 gold pieces
  2430 | D:4      | Found the +2 ratskin cloak {*Rats rPois rN+ Str-1 Int-1
                  | Dex+1}
  2505 | D:4      | Found a staircase to the Ecumenical Temple.
  2523 | D:4      | Reached skill level 5 in Spellcasting
  2523 | D:4      | Reached skill level 5 in Conjurations
  2523 | D:4      | Reached skill level 5 in Hexes
  2523 | D:4      | Reached skill level 5 in Summonings
  2523 | D:4      | Reached skill level 5 in Necromancy
  2523 | D:4      | Reached skill level 5 in Translocations
  2523 | D:4      | Reached skill level 5 in Transmutations
  2523 | D:4      | Reached skill level 5 in Fire Magic
  2523 | D:4      | Reached skill level 5 in Ice Magic
  2523 | D:4      | Reached skill level 5 in Air Magic
  2523 | D:4      | Reached skill level 5 in Earth Magic
  2523 | D:4      | Reached skill level 5 in Poison Magic
  2523 | D:4      | Reached XP level 6. HP: 38/40 MP: 0/0
  2613 | D:4      | Reached skill level 1 in Fighting
  2791 | D:5      | Entered Level 5 of the Dungeon
  2833 | D:5      | Reached ** piety under Ashenzari
  2887 | D:5      | Noticed an ogre
  2902 | D:5      | Killed an ogre
  2903 | D:5      | Reached XP level 7. HP: 35/49 MP: 0/0
  2903 | D:5      | Learned a level 3 spell: Confusing Touch
  2970 | D:5      | Reached skill level 6 in Spellcasting
  3025 | D:5      | Identified a scroll of acquirement
  3193 | D:6      | Found a basalt altar of Yredelemnul.
  3307 | D:5      | Reached XP level 8. HP: 58/58 MP: 0/0
  3307 | D:5      | Reached *** piety under Ashenzari
  3432 | D:5      | Found a burning altar of Makhleb.
  3434 | D:5      | Found an ornate altar of the Wu Jian Council.
  3434 | D:5      | Found a shimmering altar of Xom.
  3725 | D:6      | Reached skill level 7 in Spellcasting
  3745 | D:6      | Noticed Edmund
  3761 | D:6      | Killed Edmund
  4525 | D:6      | Reached **** piety under Ashenzari
  4559 | D:6      | Reached XP level 9. HP: 67/67 MP: 0/0
  4559 | D:6      | Learned a level 3 spell: Tukima's Dance
  4719 | D:7      | Reached skill level 5 in Fighting
  4744 | D:7      | Noticed Maggie
  4763 | D:7      | Killed Maggie
  4764 | D:7      | Reached skill level 8 in Spellcasting
  4781 | D:7      | Noticed Prince Ribbit
  4811 | D:7      | Killed Prince Ribbit
  4983 | D:7      | Noticed Menkaure
  4992 | D:7      | Killed Menkaure
  5449 | D:7      | Identified the +0 pair of gloves of the Quiescent God {rC+
                  | Str+7}
  5711 | D:8      | Identified a manual of Spellcasting
  5711 | D:8      | Acquired a manual of Spellcasting
  5837 | D:8      | Reached skill level 9 in Spellcasting
  5837 | D:8      | Reached XP level 10. HP: 68/76 MP: 0/0
  6050 | D:8      | Found Xoyjeapn's Weapon Boutique.
  6156 | D:8      | Reached skill level 10 in Spellcasting
  6684 | D:9      | Found a broken altar of Ashenzari.
  6718 | D:9      | Noticed Erolcha
  7172 | D:9      | Noticed a two-headed ogre
  7182 | D:9      | Killed a two-headed ogre
  7183 | D:9      | Reached skill level 11 in Spellcasting
  7189 | D:9      | Reached skill level 10 in Conjurations
  7189 | D:9      | Reached skill level 10 in Hexes
  7189 | D:9      | Reached skill level 10 in Summonings
  7189 | D:9      | Reached skill level 10 in Necromancy
  7189 | D:9      | Reached skill level 10 in Translocations
  7189 | D:9      | Reached skill level 10 in Transmutations
  7189 | D:9      | Reached skill level 10 in Fire Magic
  7189 | D:9      | Reached skill level 10 in Ice Magic
  7189 | D:9      | Reached skill level 10 in Air Magic
  7189 | D:9      | Reached skill level 10 in Earth Magic
  7189 | D:9      | Reached skill level 10 in Poison Magic
  7533 | D:9      | Killed Erolcha
  7534 | D:9      | Reached XP level 11. HP: 66/86 MP: 0/0
  7534 | D:9      | Learned a level 4 spell: Manifold Assault
  7710 | D:9      | Reached ***** piety under Ashenzari
  7712 | D:10     | Entered Level 10 of the Dungeon
  7884 | D:10     | Reached skill level 12 in Spellcasting
  8718 | D:11     | Found a staircase to the Lair.
  8722 | D:11     | Reached skill level 13 in Spellcasting
  8924 | D:11     | Noticed a two-headed ogre
  8933 | D:11     | Killed a two-headed ogre
  8952 | D:11     | Reached ****** piety under Ashenzari
  9006 | D:11     | Noticed a two-headed ogre
  9013 | D:11     | Killed a two-headed ogre
  9045 | D:11     | Noticed a purple ugly thing
  9062 | D:11     | Killed a purple ugly thing
  9106 | D:11     | Found a staircase to the Orcish Mines.
  9270 | D:11     | Reached skill level 10 in Fighting
  9270 | D:11     | Reached skill level 14 in Spellcasting
  9495 | D:11     | Reached XP level 12. HP: 94/96 MP: 0/0
  9826 | D:11     | Noticed a two-headed ogre
  9835 | D:11     | Killed a two-headed ogre
 10190 | D:12     | Noticed a boulder beetle
 10236 | D:12     | Killed a boulder beetle
 10320 | D:12     | Reached skill level 15 in Spellcasting
 10336 | D:12     | Noticed a two-headed ogre
 10341 | D:12     | Noticed a five-headed hydra
 10348 | D:12     | Killed a two-headed ogre
 10767 | D:12     | Killed a five-headed hydra
 11225 | D:13     | Noticed a catoblepas
 11294 | D:13     | Killed a catoblepas
 11599 | D:13     | Found a gate to the Vaults.
 11599 | D:13     | Noticed a centaur warrior
 11599 | D:13     | Noticed a vault guard
 11599 | D:13     | Noticed a vault guard
 11599 | D:13     | Noticed a vault guard
 11599 | D:13     | Noticed a vault guard
 11599 | D:13     | Noticed a centaur warrior
 11642 | D:12     | Killed a vault guard
 11822 | D:13     | Killed a vault guard
 11823 | D:13     | Reached skill level 16 in Spellcasting
 11823 | D:13     | Killed a centaur warrior
 11871 | D:13     | Reached XP level 13. HP: 5/104 MP: 0/0
 11871 | D:13     | Learned a level 5 spell: Freezing Cloud
 11886 | D:13     | Killed from afar by a gargoyle

Illustrated notes

Levels and vault maps discovered:
D:1:      dpeg_arrival_arbitrary_c, layout_basic, serial_shops, shop
D:2:      layout_basic, serial_shops, shop, uniq_robin, uniq_jessica
D:3:      layout_loops_ring, beargit_hepliaklqana_dungeon_heroes,
          ebering_ecumenical_altar_hall, nicolae_the_louvre
D:4:      layout_basic, minmay_temple_entry_purple_smoke
D:5:      layout_basic, hellmonk_sif_muna_bookshelves,
          gammafunk_temple_overflow_forgotten, kennysheep_boxes
D:6:      layout_basic, mainiacjoe_overflow_concentric_impassable, uniq_edmund
D:7:      layout_rooms, uniq_maggie, uniq_menkaure, uniq_prince_ribbit1
D:8:      layout_basic, serial_shops, shop
D:9:      layout_roguey, evilmike_ruin_ashenzari, uniq_erolcha
D:10:     layout_roguey, kennysheep_potato
D:11:     layout_grid_maze, erik_lair_island, david_orc_5
D:12:     layout_rooms
D:13:     layout_irregular_city, lightli_vaults_fourway_checkpoint,
          feat_on_display

Skill      XL: |  1  2  3  4  5  6  7  8  9 10 11 12 |
---------------+-------------------------------------+-----
Spellcasting   | 3 4 5 6 7 9 11 14 16 | 16.2
Conjurations   | 3 4 5 6 7 8 10 11 13 | 13.1
Hexes          | 3 4 5 6 7 8 10 11 13 | 13.1
Summonings     | 3 4 5 6 7 8 10 11 13 | 13.1
Necromancy     | 3 4 5 6 7 8 10 11 13 | 13.1
Translocations | 3 4 5 6 7 8 10 11 13 | 13.1
Transmutations | 3 4 5 6 7 8 10 11 13 | 13.1
Fire Magic     | 3 4 5 6 7 8 10 11 13 | 13.1
Ice Magic      | 3 4 5 6 7 8 10 11 13 | 13.1
Air Magic      | 3 4 5 6 7 8 10 11 13 | 13.1
Earth Magic    | 3 4 5 6 7 8 10 11 13 | 13.1
Poison Magic   | 3 4 5 6 7 8 10 11 13 | 13.1
Fighting       | 2 3 4 6 8 10 11 | 11.4
Dodging        | |  2.1
Stealth        | |  1.5

Action                     |  1- 3 |  4- 6 |  7- 9 | 10-12 | 13-15 || total
---------------------------+-------+-------+-------+-------+-------++-------
  Melee: Sling             |       |       |       |     2 |     2 ||     4
   Fire: Sling             |       |   117 |   230 |   465 |       ||   812
   Cast: Magic Dart        |    71 |    25 |    16 |    16 |       ||   128
         Mephitic Cloud    |     1 |     7 |    14 |    46 |       ||    68
         Slow              |     1 |       |       |     9 |       ||    10
         Scorch            |       |       |     5 |    79 |     2 ||    86
         Tukima's Dance    |       |       |       |    35 |       ||    35
         Call Imp          |       |       |       |     7 |     1 ||     8
         Blink             |       |       |       |     5 |     2 ||     7
         Manifold Assault  |       |       |       |     2 |     2 ||     4
         Freeze            |       |       |       |     1 |       ||     1
 Invoke: Curse Item        |       |     3 |     3 |     4 |       ||    10
         Shatter the Chain |       |       |     1 |       |       ||     1
    Use: Potion            |       |       |     1 |     4 |     4 ||     9
         Scroll            |       |       |     1 |       |       ||     1
 Armour: Robe              |     3 |    40 |    47 |       |       ||    90
         Steam dragon scal |       |       |    26 |   321 |     1 ||   348
  Dodge: Dodged            |     4 |    39 |    70 |   242 |     8 ||   363

Table legend: (Time is in decaauts)
 A = Elapsed time spent in this place.
 B = Non-inter-level travel time spent in this place.
 C = Inter-level travel time spent in this place.
 D = Time resting spent in this place.
 E = Time spent auto-exploring this place.
 F = Levels seen in this place.
 G = Mean time per level.
                   A        B        C        D        E       F      G
               +--------+--------+--------+--------+--------+-----+--------+
         Total |  12204 |  11668 |    536 |   2252 |   6718 |  13 |  938.8 |
       Dungeon |  12204 |  11668 |    536 |   2252 |   6718 |  13 |  938.8 |
               +--------+--------+--------+--------+--------+-----+--------+

Top non-repeatable levels by time:
    D:11: 1470 daAuts
     D:8: 1330 daAuts
    D:10: 1219 daAuts
     D:6: 1165 daAuts
     D:7: 1024 daAuts
    D:12: 860 daAuts
     D:1: 792 daAuts
    D:13: 767 daAuts
     D:2: 758 daAuts
     D:9: 731 daAuts
     D:3: 708 daAuts
     D:5: 696 daAuts
     D:4: 679 daAuts
